 Dungeon Crawl Stone Soup version 0.30-a0-718-geaa24f58ff (webtiles) character file.

Game seed: 5587419245798572343

25 zinnoa the Ruffian (level 3, 15/20 HPs)
             Began as a Vine Stalker Berserker on Jan 26, 2023.
             Was a Follower of Trog.
             Quit the game on level 2 of the Dungeon.
             The game lasted 00:03:20 (1000 turns).

zinnoa the Ruffian (Vine Stalker Berserker)         Turns: 1000, Time: 00:03:20

Health: 15/20      AC: 10    Str: 19    XL:     3   Next: 4%
Magic:  4/4        EV:  6    Int:  9    God:    Trog [*.....]
Gold:   35         SH:  0    Dex: 13    Spells: 2/2 levels left

rFire   . . .      SeeInvis .      - Unarmed
rCold   . . .      Faith    .    (no shield)
rNeg    . . .      Spirit   +    h - +0 plate armour
rPois   .          Reflect  .    (no helmet)
rElec   .          Harm     .    (no cloak)
rCorr   .          Rampage  .    (no gloves)
Will    .....                    (no boots) Stlth
                                 (no amulet)
HPRegen 0.23/turn                (no ring)
MPRegen 0.09/turn                (no ring)

@: no status effects
A: fangs 2, magic shield, antimagic bite, no potion heal 2
a: Renounce Religion, Berserk


You were on level 2 of the Dungeon.
You worshipped Trog.
Trog was aware of your devotion.
You visited 1 branch of the dungeon, and saw 2 of its levels.

You collected 35 gold pieces.

Inventory:

Armour
 a - a +0 animal skin
 d - a +0 leather armour
 h - a +0 plate armour (worn)
Scrolls
 c - a scroll of magic mapping {unknown}
 g - a scroll of vulnerability {unknown}
Potions
 b - a potion of berserk rage {unknown}
 e - a potion of haste {unknown}
 f - a potion of curing {unknown}
 i - a potion of lignification {unknown}


   Skills:
 * Level 3.0 Fighting
 * Level 1.8 Armour
 * Level 1.7 Dodging
 * Level 3.5 Unarmed Combat


You had 2 spell levels left.
You didn't know any spells.
Your spell library was empty.

Dungeon Overview and Level Annotations

Branches:
Dungeon (2/15)

Altars:


Innate Abilities, Weirdness & Mutations

You have extremely sharp teeth.
When hurt, damage is shared between your health and your magic reserves.
Your bite disrupts and absorbs the magic of your enemies.
Potions cannot restore your health.


Message History

No target in view!
There is a stone staircase leading down here.
You open the door.
Found a scimitar.
No target in view!
No target in view!
No target in view!
Found a mace.
There is an open door here.
Found a stone staircase leading up.
i - a green potion A worm comes into view.
The worm bites you!
You hit the worm.
The worm is moderately wounded.
The worm bites you but does no damage.
You barely miss the worm. You bite the worm. You drain its power.
You feel invigorated.
The worm is moderately wounded.
You hit the worm but do no damage.
The worm is moderately wounded.
The worm barely misses you.
You hit the worm.
The worm is heavily wounded.
You punch the worm! You bite the worm.
You kill the worm!
Trog accepts your kill.
Your Fighting skill increases to level 3!
You have reached level 3!
Your experience leads to an increase in your attributes!
Increase (S)trength, (I)ntelligence, or (D)exterity?
Welcome back, zinnoa the Vine Stalker Berserker.
Trog says: Kill them all!
Press ? for a list of commands and other information.
You have reached level 3!
Your experience leads to an increase in your attributes!
Increase (S)trength, (I)ntelligence, or (D)exterity?
You feel clever. x2
Unknown command.
Are you sure you want to abandon this character and quit the game? (Confirm with "yes".)

#.# ..# #.# #.# #.## #.. ..#
##. # #†# #.# #.. #< #@# #.#
#.# #.#######.# #.# #.#
#.........# #.# #.#
##...###### #.# #.#
##.....## #.# #.# #.).....##
##.## #.#
#.........####...#########..
+.........'.................
#.........##.......#########


There were no monsters in sight!

Vanquished Creatures
  A worm (D:2)
  2 ball pythons (D:1)
  A bat (D:1)
  3 endoplasms (D:1)
  2 goblins (D:1)
  3 hobgoblins
  A quokka (D:1)
  A frilled lizard (D:1)
  7 rats
21 creatures vanquished.

Notes
Turn   | Place    | Note
-------+----------+-------------------------------------------
     0 | D:1      | zinnoa the Vine Stalker Berserker began the quest for the
                  | Orb.
     0 | D:1      | Reached XP level 1. HP: 11/11 MP: 2/2
    99 | D:1      | Reached XP level 2. HP: 16/16 MP: 3/3
   778 | D:1      | Found a faded altar of an unknown god.
  1000 | D:2      | Reached XP level 3. HP: 15/20 MP: 4/4
  1000 | D:2      | Quit the game

Illustrated notes

Levels and vault maps discovered:
D:1:      minmay_arrival_shoal_huts, layout_loops_corners,
          nicolae_ecumenical_lake_church, st_stairs_2
D:2:      layout_loops_corners, serial_shops, nicolae_shop_crystal,
          kennysheep_pointless_box

Skill      XL: |  1  2 |
---------------+-------+-----
Fighting       | 3 |  3.0
Armour         | |  1.8
Dodging        | |  1.7
Unarmed Combat | |  3.5

Action                     || total
---------------------------++-------
  Melee: Unarmed           ||    59
         Bite              ||    12
         Punch             ||     1
 Armour: Animal skin       ||     3
         Leather armour    ||     6
         Plate armour      ||     2
  Dodge: Dodged            ||    25

Table legend: (Time is in decaauts)
 A = Elapsed time spent in this place.
 B = Non-inter-level travel time spent in this place.
 C = Inter-level travel time spent in this place.
 D = Time resting spent in this place.
 E = Time spent auto-exploring this place.
 F = Levels seen in this place.
 G = Mean time per level.
                   A        B        C        D        E       F      G
               +--------+--------+--------+--------+--------+-----+--------+
         Total |   1001 |    986 |     15 |      0 |    829 |   2 |  500.5 |
       Dungeon |   1001 |    986 |     15 |      0 |    829 |   2 |  500.5 |
               +--------+--------+--------+--------+--------+-----+--------+

Top non-repeatable levels by time:
     D:1: 883 daAuts
     D:2: 118 daAuts
